 Dungeon Crawl Stone Soup version 0.28.0-45-g0d030f2227 (webtiles) character file.

Game seed: 7559291780067162970

104734 McKennaii the Devastator (level 15, -3/106 HPs)
             Began as a Demonspawn Conjurer on Apr 11, 2022.
             Was a High Priest of Sif Muna.
             Splashed by a goliath frog's acid (9 damage)
             ... on level 1 of the Swamp.
             The game lasted 01:26:59 (40018 turns).

McKennaii the Devastator (Demonspawn Conjurer)     Turns: 40018, Time: 01:27:00

Health: -3/106     AC: 16    Str: 14    XL:     15   Next: 92%
Magic:  16/34      EV: 11    Int: 28    God:    Sif Muna [*****.]
Gold:   1953       SH:  0    Dex: 12    Spells: 16/44 levels left

rFire   + + .      SeeInvis +   D - +5 scimitar (flame)
rCold   + + +      Faith    .   (no shield)
rNeg    + . .      Spirit   .   O - +4 scale mail {rPois}
rPois   +          Reflect  .   (helmet unavailable)
rElec   .          Harm     .   G - +2 cloak
rCorr   .          Rampage  .   (no gloves)
Will    ++...                   L - +0 pair of boots of Abaaqak {rF+ Regen+ Str+8}
Stlth   ..........              l - amulet of regeneration
HPRegen 1.87/turn               W - ring of Juvomues {rC+ Will+ Slay+2}
MPRegen 0.24/turn               V - ring of Midsummer {rF+ rC+ rN+ Str-4 Int+4}

@: corroded
A: antennae 3, icy blue scales 3, powered by death 1, black mark, demonic magic
2, bedeviling
a: Renounce Religion, Channel Magic, Forget Spell, Divine Exegesis


You were on level 1 of the Swamp.
You worshipped Sif Muna.
Sif Muna was extremely pleased with you.
You visited 5 branches of the dungeon, and saw 25 of its levels.
You also visited: Sewer and Gauntlet.

You collected 3535 gold pieces.
You spent 1582 gold pieces at shops.

Inventory:

Hand Weapons
 s - the +5 scythe "Finisher" {speed, eviscerate}
   (You took it off a minotaur in a Gauntlet)

   Attacks with this weapon are significantly faster.
   It may eviscerate those it strikes, slaying them instantly, with a decreasing
   chance against stronger foes.
 D - a +5 scimitar of flaming (weapon)
Armour
 G - a +2 cloak (worn)
 I - the +3 chain mail of Somewhere Else {Fly Str+3 Int+6 Dex+4}
   (You found it on level 10 of the Dungeon)

   Str:       It affects your strength (+3).
   Int:       It affects your intelligence (+6).
   Dex:       It affects your dexterity (+4).
   Fly:       It grants you flight.
 L - the +0 pair of boots of Abaaqak (worn) {rF+ Regen+ Str+8}
   (You found it in a Gauntlet)

   Str:       It affects your strength (+8).
   rF:        It protects you from fire.
   Regen:     It increases your rate of health regeneration.
 O - a +4 scale mail of poison resistance (worn)
 Q - the +3 buckler of the Lobster {rF++ Stlth-}
   (You found it on level 2 of the Lair of Beasts)

   rF:        It greatly protects you from fire.
   Stlth:     It makes you less stealthy.
 Y - a +0 cloak of stealth
Magical Staves
 u - a staff of cold
 P - a staff of earth
Jewellery
 l - an amulet of regeneration (around neck)
 r - a ring of resist corrosion
 w - a ring of wizardry
 A - a ring of positive energy
 V - the ring of Midsummer (right hand) {rF+ rC+ rN+ Str-4 Int+4}
   (You bought it in a shop on level 3 of the Dungeon)

   [ring of positive energy]

   Str:       It affects your strength (-4).
   Int:       It affects your intelligence (+4).
   rF:        It protects you from fire.
   rC:        It protects you from cold.
   rN:        It protects you from negative energy.
 W - the ring of Juvomues (left hand) {rC+ Will+ Slay+2}
   (You bought it in a shop on level 3 of the Dungeon)

   [ring of protection from cold]

   Slay:      It affects your accuracy & damage with ranged weapons and melee
   (+2).
   rC:        It protects you from cold.
   Will:      It increases your willpower.
 X - an amulet of reflection
Wands
 f - a wand of acid (8)
 q - a wand of iceblast (10)
 x - a wand of polymorph (9)
 z - a wand of digging (5)
 F - a wand of charming (9)
 M - a wand of flame (39)
 U - a wand of paralysis (6)
Scrolls
 a - 6 scrolls of identify
 g - 6 scrolls of enchant armour
 h - 4 scrolls of enchant weapon
 i - 3 scrolls of vulnerability
 j - 3 scrolls of blinking {unknown}
 m - 3 scrolls of noise {unknown}
 o - 2 scrolls of acquirement {unknown}
 v - 6 scrolls of teleportation
 y - 4 scrolls of magic mapping {unknown}
 B - 2 scrolls of fog {unknown}
 E - 3 scrolls of fear {unknown}
 H - a scroll of immolation {unknown}
 S - a scroll of amnesia {unknown}
 T - a scroll of torment {unknown}
 Z - a scroll of holy word {unknown}
Potions
 b - 6 potions of lignification
 c - 2 potions of haste
 d - 4 potions of magic
 e - 3 potions of attraction
 k - a potion of resistance
 n - 10 potions of curing
 p - 2 potions of flight
 t - 4 potions of brilliance
 C - a potion of might
 J - 2 potions of cancellation
 K - 4 potions of mutation {unknown}
 N - 10 potions of ambrosia
 R - 5 potions of heal wounds


   Skills:
 + Level 6.3 Fighting
 + Level 2.2 Long Blades
 + Level 6.0 Armour
 - Level 6.0 Dodging
 - Level 1.7 Stealth
 + Level 15.1 Spellcasting
 + Level 16.6 Conjurations
 - Level 8.5 Hexes
 + Level 5.8 Ice Magic
 + Level 4.5 Air Magic
 - Level 10.0 Invocations


You had 16 spell levels left.
You knew the following spells:

 Your Spells              Type           Power      Damage    Failure   Level
a - Magic Dart            Conj           100%       1d8       0%          1
b - Searing Ray           Conj           100%       2d8       0%          2
c - Iskenderun's Mystic   Conj/Tloc      61%        2d13      2%          4
d - Fulminant Prism       Conj/Hex       47%        3d21      1%          4
e - Orb of Destruction    Conj           42%        9d12      8%          7
f - Freezing Cloud        Conj/Ice/Air   32%        6-21      6%          5
s - Lightning Bolt        Conj/Air       34%        1d52      3%          5

Your spell library contained the following spells:

 Spells                   Type           Power      Damage    Failure   Level
 Foxfire                  Conj/Fire      100%       2x1d9     1%          1
 Confusing Touch          Hex            81%        N/A       1%          3
 Conjure Flame            Conj/Fire      61%        6-21      1%          3
 Dazzling Flash           Conj/Hex       100%       N/A       1%          3
 Iskenderun's Battlesphe  Conj           85%        2d13      1%          5
 Cause Fear               Hex            40%        N/A       2%          4
 Flame Wave               Conj/Fire      61%        2d12      2%          4
 Inner Flame              Hex/Fire       61%        N/A       4%          3
 Summon Guardian Golem    Hex/Summ       61%        N/A       4%          3
 Corpse Rot               Necr/Air       66%        N/A       5%          2
 Fireball                 Conj/Fire      30%        3d13      8%          5
 Apportation              Tloc           42%        N/A       9%          1
 Beastly Appendage        Tmut           42%        N/A       9%          1
 Summon Small Mammal      Summ           84%        N/A       9%          1
 Wereblood                Tmut           21%        N/A       13%         2
 Anguish                  Hex/Necr       30%        N/A       16%         4
 Silence                  Hex/Air        36%        N/A       17%         5
 Conjure Ball Lightning   Conj/Air       34%        3x3d11    17%         6
 Spider Form              Tmut/Pois      21%        N/A       26%         3
 Summon Mana Viper        Hex/Summ       61%        N/A       38%         5
 Yara's Violent Unravell  Hex/Tmut       30%        3d13      38%         5
 Starburst                Conj/Fire      30%        6d9       41%         6
 Olgreb's Toxic Radiance  Pois           21%        N/A       65%         4
 Agony                    Necr           21%        N/A       94%         5
 Alistair's Intoxication  Tmut/Pois      14%        N/A       94%         5
 Borgnjor's Vile Clutch   Necr/Erth      10%        N/A       94%         5
 Spellforged Servitor     Conj/Summ      30%        N/A       94%         7
 Simulacrum               Ice/Necr       18%        N/A       99%         6
 Death Channel            Necr           10%        N/A       100%        6
 Dispersal                Tloc           10%        N/A       100%        6
 Eringya's Noxious Bog    Tmut/Pois      10%        N/A       100%        6
 Malign Gateway           Summ/Tloc      10%        N/A       100%        7
 Ozocubu's Refrigeration  Ice            26%        4d10      100%        7
 Summon Hydra             Summ           10%        N/A       100%        7
 Discord                  Hex            40%        N/A       100%        8
 Disjunction              Tloc           10%        N/A       100%        8
 Ignition                 Fire           10%        3d5       100%        8
 Chain Lightning          Conj/Air       34%        3d46      100%        9
 Polar Vortex             Ice            26%        N/A       100%        9


Dungeon Overview and Level Annotations

Branches:
Dungeon (15/15)            Temple (1/1) D:6            Lair (6/6) D:11
  Swamp (1/4) Lair:3        Snake (0/4) Lair:4        Slime (0/5) Lair:6
    Orc (2/2) D:10            Elf (0/3) Orc:2        Vaults (0/5) D:14
 Depths (0/4) D:15          Sewer (visited)         Gauntlet (visited)

Altars:
Ashenzari
Cheibriados
Elyvilon
Fedhas
Gozag
Hepliaklqana
Kikubaaqudgha
Makhleb
Nemelex Xobeh
Okawaru
Qazlal
Ru
Sif Muna
Trog
Uskayaw
Wu Jian
Xom
Yredelemnul
Zin
The Shining One
Beogh

Shops:
D:3 ==[   D:6 [   D:13 *   Orc:2 ([*=

Portals:
Trove: D:10 (show abyssal rune of Zot)

Annotations:
Lair:4 2 runed translucent doors, duchin's ghost, journeyman DrVM


Innate Abilities, Weirdness & Mutations

You have a pair of large antennae on your head. (SInv)
You are completely covered in icy blue scales. (AC +4, rC+)
You regenerate a little health from kills.
Your melee attacks may debilitate your foes.
Spells you cast may paralyse nearby enemies.
Your hexes are more powerful.


Message History

* * * LOW HITPOINT WARNING * * *
You are splashed with acid!
* * * LOW HITPOINT WARNING * * *
A tyrant leech comes into view.
A swamp worm comes into view.
The swamp worm fires a harpoon shot at you.
The harpoon shot misses you.
You can't go up here!
Unknown command.
Okay, then.
You feel much better.
The will-o-the-wisp gestures.
The will-o-the-wisp conjures some foxfire!
The goliath frog hits you from afar!
* * * LOW HITPOINT WARNING * * *
The acid corrodes you!
You are splashed with acid.
* * * LOW HITPOINT WARNING * * *
The swamp drake bites you but does no damage. 2 foxfires come into view.
Unknown command.
Unknown command.
Unknown command.
Casting: Lightning Bolt (dangerous; 3% risk of failure)
Confirm with . or Enter, or press ? or * to list all spells.
You erupt in a blast of force!
The mystic blast hits the goliath frog!
The goliath frog is almost dead.
The goliath frog is knocked back by the mystic blast.
The mystic blast hits the bog body!
The bog body is lightly damaged.
The bog body is knocked back by the mystic blast.
The mystic blast hits the swamp drake.
The swamp drake is heavily wounded.
The swamp drake is knocked back by the mystic blast.
Malevolent energies surge around you. The foxfire hits you. You resist.
* * * LOW HITPOINT WARNING * * *
The foxfire hits you! You resist.
* * * LOW HITPOINT WARNING * * *
The goliath frog hits you from afar!
* * * LOW HITPOINT WARNING * * *
You are splashed with acid!
You die...

♣♣♣♣ ≈.≈≈≈≈≈
♣♣≈.§♣♣♣♣♣.≈≈≈≈≈≈
♣.≈≈.....≈..≈≈≈..
.≈≈≈§≈≈≈≈≈R≈.≈≈.♣
.≈≈..≈≈≈≈≈≈≈≈....
≈≈≈.≈≈≈≈≈≈≈≈≈.≈≈.
≈...≈≈≈≈.≈≈≈w.≈≈.
≈≈≈≈≈≈≈.<@§F≈≈≈w.
.≈≈.≈≈≈/$≈§v≈.≈..
♣≈≈.≈≈≈≈≈≈≈§§§...
♣♣♣.≈≈≈≈≈≈≈≈.....
≈.≈♣.§≈≈≈k≈n..≈..
≈...≈.≈.≈F....♣.♣
......≈.≈.♣≈w≈i♣♣
..≈≈≈..≈≈.♣♣♣.≈.
..≈≈≈..≈≈♣♣ ≈≈


You could see an eleionoma, a tyrant leech, a spriggan rider, 2 goliath frogs, a
will-o-the-wisp, a bog body (paralysed), 2 swamp worms and a swamp drake.

Vanquished Creatures
  Agnes (D:15)
  Kirke (D:14)
  A fenstrider witch (Swamp:1)
  An orc warlord (Orc:2)
  A stone giant (D:15)
  Nessos (D:12)
  Azrael (D:13)
  A minotaur (Gauntlet)
  Snorg (D:12)
  The ghost of Cykl0x the Geomancer, a journeyman GrEE of Vehumet (D:14)
  Harold (D:11)
  4 boulder beetles
  The ghost of Ablot the Thaumaturge, a journeyman GnWr of Okawaru (D:10)
  2 catoblepae
  12 hydras
  A death knight (D:11)
  Erica (D:8)
  3 two-headed ogres
  2 dancing weapons (D:14)
  7 centaur warriors
  3 tengu warriors (D:15)
  4 orc high priests
  The ghost of Elsvaer the Thaumaturge, a novice DEEE of Vehumet (D:9)
  The ghost of Revguard the Charlatan, a novice BaFi (D:7)
  A skeletal warrior (D:11)
  A bog body (Lair:3)
  7 orc knights
  Pikel (D:8)
  The ghost of Acheron the Chopper, a novice MiAK of Lugonu (D:7)
  2 deep elf pyromancers
  A phantasmal warrior (D:11)
  16 ugly things
  4 manticores
  3 oklob plants
  7 orc sorcerers
  2 cyclopes
  5 elephants (Lair:5)
  10 black mambas
  4 spectral centaurs (D:10)
  An ice statue (Gauntlet)
  A torpor snail (Lair:3)
  Maurice (D:8)
  A gargoyle (D:13)
  3 kobold demonologists
  2 minotaur zombies (Gauntlet)
  10 cane toads
  3 rime drakes
  7 komodo dragons
  A komodo dragon (shapeshifter) (D:14)
  3 meliai (Gauntlet)
  A queen bee (Lair:2)
  5 polar bears
  The ghost of Peloso the Covered, an amateur MiFi (D:5)
  A tyrant leech (shapeshifter) (D:15)
  7 trolls
  7 hornets
  19 blink frogs
  A spectral meliai (D:10)
  6 dream sheep (Lair:6)
  16 spriggans
  7 wyverns
  A culicivora (shapeshifter) (D:13)
  6 shadows
  2 wraiths
  A wyvern (shapeshifter) (D:15)
  A fire elemental (D:13)
  19 yaks
  6 basilisks
  3 hogs
  Grum (D:11)
  2 vampire mosquitoes (D:13)
  3 acid dragons
  3 wargs
  3 swamp worms (Lair:3)
  4 nagas (Lair:4)
  5 hell hounds (D:13)
  9 water moccasins
  39 orc warriors
  A hornet zombie (D:7)
  5 black bears
  3 sky beasts
  3 ice beasts
  40 wolves
  2 boggarts (Lair:6)
  8 ogres
  19 centaurs
  A phantom (D:6)
  2 lemures (D:8)
  2 kobold brigands (D:13)
  11 bullfrogs
  4 scorpions
  2 water moccasin zombies
  A water moccasin skeleton (D:6)
  5 wights (D:9)
  26 killer bees
  3 electric eels
  A howler monkey (D:6)
  A lava snake (Lair:6)
  3 bullfrog zombies (D:6)
  3 centaur zombies
  22 orc priests
  6 hounds
  7 jellies
  A bullfrog skeleton (D:5)
  3 iguanas
  24 orc wizards
  14 hell rats
  A hound zombie (D:5)
  2 hound skeletons (D:4)
  A howler monkey zombie (D:7)
  8 gnolls
  6 river rats
  12 adders
  An adder skeleton (D:4)
  2 worms
  A dart slug (D:4)
  61 orcs
  4 bats
  5 endoplasms
  14 giant cockroaches
  7 hobgoblins
  14 jackals
  12 kobolds
  9 quokkas
  8 ball pythons
  12 frilled lizards
  6 goblins
  14 rats
753 creatures vanquished.

Vanquished Creatures (others)
  A polar bear (Lair:6)
  A lemure (D:8)
  An orc (Orc:2)
  A quokka (D:7)
  2 foxfires (Swamp:1)
  41 fulminant prisms
  34 fungi
  45 plants
126 creatures vanquished.

Grand Total: 879 creatures vanquished

Notes
Turn   | Place    | Note
-------+----------+-------------------------------------------
     0 | D:1      | McKennaii the Demonspawn Conjurer began the quest for the
                  | Orb.
     0 | D:1      | Reached XP level 1. HP: 13/13 MP: 3/3
   581 | D:1      | Gained mutation: You regenerate a little health from kills.
                  | [demonic ancestry]
   581 | D:1      | Reached XP level 2. HP: 16/19 MP: 0/5
  1257 | D:1      | Gained mutation: You are partially covered in icy blue
                  | scales. (AC +2) [demonic ancestry]
  1257 | D:1      | Reached XP level 3. HP: 23/24 MP: 1/7
  1258 | D:1      | Found a faded altar of an unknown god.
  1888 | D:2      | Found a stormy altar of Qazlal.
  2267 | D:2      | Gained mutation: You are mostly covered in icy blue scales.
                  | (AC +3) [demonic ancestry]
  2267 | D:2      | Reached XP level 4. HP: 30/30 MP: 5/8
  2514 | D:3      | Found Hack's Jewellery Shop.
  2841 | D:3      | Found Jasko Wucs's Armour Shop.
  2864 | D:3      | Found Xaifrar's Jewellery Boutique.
  2956 | D:3      | Reached skill level 5 in Conjurations
  3402 | D:4      | Found an ornate altar of the Wu Jian Council.
  3606 | D:4      | Gained mutation: Spells you cast may paralyse adjacent
                  | enemies. [demonic ancestry]
  3606 | D:4      | Reached XP level 5. HP: 35/35 MP: 6/10
  4168 | D:4      | Gained mutation: You are completely covered in icy blue
                  | scales. (AC +4, rC+) [demonic ancestry]
  4168 | D:4      | Reached XP level 6. HP: 41/41 MP: 4/12
  4317 | D:4      | Found an iron altar of Okawaru.
  4349 | D:4      | Found a bloodstained altar of Trog.
  4594 | D:5      | Entered Level 5 of the Dungeon
  4595 | D:5      | Noticed Peloso's ghost (amateur MiFi)
  4681 | D:5      | Reached skill level 6 in Conjurations
  4800 | D:5      | Found a transporter.
  4804 | D:5      | Learned a level 2 spell: Searing Ray
  4833 | D:5      | Found a transporter.
  5114 | D:5      | Noticed a yak
  5116 | D:5      | Noticed a wyvern
  5122 | D:5      | Killed a yak
  5123 | D:5      | Reached skill level 5 in Spellcasting
  5123 | D:5      | Gained mutation: You have a pair of small antennae on your
                  | head. [demonic ancestry]
  5123 | D:5      | Reached XP level 7. HP: 33/46 MP: 5/15
  5128 | D:5      | Killed a wyvern
  5129 | D:5      | Reached skill level 7 in Conjurations
  5815 | D:6      | Found a glowing drain.
  5819 | D:6      | Gained mutation: You have a pair of antennae on your head.
                  | [demonic ancestry]
  5819 | D:6      | Reached XP level 8. HP: 52/52 MP: 12/17
  5828 | Sewer    | Entered a sewer
  6414 | Sewer    | Reached skill level 8 in Conjurations
  7111 | D:6      | Found Hosom Zedgh's Antique Armour Shop.
  7273 | D:6      | Reached skill level 9 in Conjurations
  7276 | D:6      | Gained mutation: You have a pair of large antennae on your
                  | head. (SInv) [demonic ancestry]
  7276 | D:6      | Reached XP level 9. HP: 28/57 MP: 1/20
  7406 | D:6      | Learned a level 4 spell: Iskenderun's Mystic Blast
  7718 | D:6      | Found a staircase to the Ecumenical Temple.
  7915 | Temple   | Entered the Ecumenical Temple
  7927 | Temple   | Became a worshipper of Sif Muna the Loreminder
  8166 | D:7      | Reached skill level 10 in Conjurations
  9102 | D:7      | Found a runed translucent gate.
  9102 | D:7      | Found a runed translucent gate.
  9103 | D:7      | Found a runed translucent gate.
  9106 | D:7      | Noticed Revguard's ghost (novice BaFi)
  9106 | D:7      | Noticed Acheron's ghost (novice MiAK)
  9225 | D:8      | Noticed Pikel
  9227 | D:8      | Noticed Erica
  9401 | D:8      | Killed Erica
  9430 | D:8      | Killed Pikel
  9431 | D:8      | Reached skill level 11 in Conjurations
  9431 | D:8      | Gained mutation: Your hexes are more powerful. [demonic
                  | ancestry]
  9431 | D:8      | Reached XP level 10. HP: 33/63 MP: 3/23
  9705 | D:8      | Noticed Maurice
  9838 | D:8      | Killed Maurice
  9839 | D:8      | Reached skill level 10 in Spellcasting
 10741 | D:9      | Reached * piety under Sif Muna
 11010 | D:9      | Reached skill level 12 in Conjurations
 11225 | D:9      | Noticed a cyclops
 11228 | D:9      | Noticed Elsvaer's ghost (novice DEEE)
 11299 | D:9      | Found a transporter.
 11301 | D:9      | Found a transporter.
 11965 | D:10     | Entered Level 10 of the Dungeon
 12303 | D:10     | Found a hide-covered altar of Uskayaw.
 12344 | D:10     | Identified the +3 chain mail of Somewhere Else {Fly Str+3
                  | Int+6 Dex+4}
 12427 | D:10     | Found a burning altar of Makhleb.
 12484 | D:10     | Gained mutation: Your melee attacks may debilitate your
                  | foes. [demonic ancestry]
 12484 | D:10     | Reached XP level 11. HP: 64/68 MP: 7/26
 12588 | D:10     | Found an opulent altar of Gozag.
 12607 | D:10     | Reached skill level 1 in Invocations
 12755 | D:10     | Found a staircase to the Orcish Mines.
 12943 | D:10     | Found a runed translucent gate.
 12943 | D:10     | Found a runed translucent gate.
 12943 | D:10     | Found a runed translucent gate.
 12947 | D:10     | Noticed Ablot's ghost (journeyman GnWr)
 13108 | D:10     | Found a portal to a secret trove of treasure.
 13352 | D:11     | Noticed Harold
 13368 | D:11     | Killed Harold
 13576 | D:11     | Reached skill level 13 in Conjurations
 13711 | D:11     | Noticed Grum
 13717 | D:11     | Killed Grum
 13820 | D:11     | Noticed an orc knight
 13947 | D:11     | Killed an orc knight
 14215 | D:11     | Learned a level 4 spell: Fulminant Prism
 14280 | D:11     | Found a staircase to the Lair.
 14281 | D:11     | Noticed an oklob plant
 14285 | D:11     | Noticed an oklob plant
 14452 | D:11     | Noticed a boulder beetle
 14636 | D:11     | Noticed a death knight
 14639 | D:11     | Noticed a skeletal warrior
 14684 | D:11     | Killed a skeletal warrior
 14685 | D:11     | Reached skill level 1 in Hexes
 14910 | D:11     | Reached skill level 5 in Invocations
 15171 | D:11     | Noticed a boulder beetle
 15224 | D:11     | Killed a boulder beetle
 15628 | D:11     | Killed a boulder beetle
 16029 | D:11     | Killed an oklob plant
 16262 | D:11     | Killed an oklob plant
 16402 | Lair:1   | Entered Level 1 of the Lair of Beasts
 16419 | Lair:1   | Noticed a four-headed hydra
 16427 | Lair:1   | Killed a four-headed hydra
 16660 | Lair:1   | Gained mutation: Spells you cast may paralyse nearby
                  | enemies. [demonic ancestry]
 16660 | Lair:1   | Reached XP level 12. HP: 45/74 MP: 21/28
 16685 | Lair:1   | Noticed a seven-headed hydra
 16695 | Lair:1   | Killed a seven-headed hydra
 16720 | Lair:1   | Found a gate leading to a gauntlet.
 16783 | Gauntlet | Entered a Gauntlet
 16783 | Gauntlet | Found a transporter.
 16783 | Gauntlet | Found a transporter.
 16784 | Gauntlet | Found a transporter.
 16831 | Gauntlet | Found a transporter.
 16832 | Gauntlet | Found a transporter.
 16834 | Gauntlet | Found a transporter.
 16840 | Gauntlet | Found a transporter.
 16840 | Gauntlet | Noticed a tengu warrior
 16842 | Gauntlet | Found a transporter.
 16843 | Gauntlet | Found a transporter.
 16845 | Gauntlet | Found a transporter.
 16851 | Gauntlet | Found a runed translucent gate.
 16851 | Gauntlet | Found a runed translucent gate.
 16851 | Gauntlet | Found a runed translucent gate.
 16853 | Gauntlet | Found a transporter.
 16859 | Gauntlet | Found a transporter.
 17449 | Gauntlet | Reached ** piety under Sif Muna
 17450 | Gauntlet | Reached skill level 14 in Conjurations
 17471 | Gauntlet | Identified the +0 pair of boots of Abaaqak {rF+ Regen+
                  | Str+8}
 17692 | Gauntlet | Noticed a minotaur
 17719 | Gauntlet | HP: 1/111 [minotaur/silver javelin (9)]
 17724 | Gauntlet | Killed a minotaur
 17725 | Gauntlet | Reached skill level 5 in Hexes
 18142 | Lair:1   | Noticed a seven-headed hydra
 18153 | Lair:1   | Killed a seven-headed hydra
 18154 | Lair:1   | Reached skill level 1 in Armour
 18387 | Lair:1   | Noticed a seven-headed hydra
 18400 | Lair:1   | Killed a seven-headed hydra
 19492 | Lair:2   | Reached *** piety under Sif Muna
 19820 | Lair:2   | Identified the +3 buckler of the Lobster {rF++ Stlth-}
 20348 | Lair:2   | Reached XP level 13. HP: 40/79 MP: 3/30
 20728 | Lair:2   | Identified the +0 robe of the Wilderness {Str+3}
 21183 | Lair:3   | Found a shimmering altar of Xom.
 21413 | Lair:3   | You fall into a shaft and drop 2 floors!
 21741 | Lair:5   | Reached **** piety under Sif Muna
 22470 | Lair:3   | Reached skill level 15 in Conjurations
 22672 | Lair:3   | Found a staircase to the Swamp.
 23350 | Lair:4   | Found a staircase to the Snake Pit.
 23417 | Lair:4   | Found a large runed translucent door.
 23417 | Lair:4   | Found a large runed translucent door.
 23418 | Lair:4   | Noticed duchin's ghost (journeyman DrVM)
 24068 | Lair:5   | Reached skill level 5 in Armour
 24937 | Lair:6   | Entered Level 6 of the Lair of Beasts
 25345 | Lair:6   | Found a staircase to the Slime Pits.
 25425 | Lair:6   | Reached ***** piety under Sif Muna
 25605 | Lair:6   | Received a gift from Sif Muna
 25680 | Lair:6   | Got Sif Muna's Almanac of Air and Battle Magic {god gift}
 25689 | Lair:6   | Learned a level 7 spell: Orb of Destruction
 25695 | Lair:6   | Learned a level 5 spell: Freezing Cloud
 25701 | Lair:6   | Learned a level 5 spell: Lightning Bolt
 25806 | Lair:6   | Reached XP level 14. HP: 76/85 MP: 0/31
 27685 | Lair:6   | Received a gift from Sif Muna
 27689 | Lair:6   | Got Sif Muna's Volume of Scorching Necromancy {god gift}
 28060 | D:11     | Reached skill level 1 in Fighting
 28060 | D:11     | Reached skill level 1 in Ice Magic
 28317 | D:10     | Killed Ablot's ghost
 28616 | D:3      | Bought the ring of Juvomues {rC+ Will+ Slay+2} for 598 gold
                  | pieces
 28621 | D:3      | Bought the ring of Midsummer {rF+ rC+ rN+ Str-4 Int+4} for
                  | 533 gold pieces
 28688 | D:5      | Killed Peloso's ghost
 28879 | D:7      | Killed Acheron's ghost
 28880 | D:7      | Reached skill level 10 in Invocations
 28882 | D:7      | Killed Revguard's ghost
 29150 | D:9      | Killed Elsvaer's ghost
 29482 | D:12     | Noticed Snorg
 29494 | D:12     | Killed Snorg
 29576 | D:12     | Reached skill level 5 in Dodging
 29608 | D:12     | Noticed Nessos
 29923 | D:12     | Killed Nessos
 30770 | D:13     | Found Ydetoif's Assorted Antiques.
 30817 | D:13     | Bought a metallic amethyst potion for 22 gold pieces
 30817 | D:13     | Bought a runed cloak for 187 gold pieces
 31303 | D:13     | Identified the +9 flail "Yrepom" {venom, rPois Str-4 SInv}
 31400 | D:13     | Noticed Azrael
 31418 | D:13     | Killed Azrael
 31419 | D:13     | Reached skill level 16 in Conjurations
 32390 | D:14     | Reached skill level 1 in Air Magic
 32454 | D:14     | Found a runed translucent door.
 32455 | D:14     | Noticed Cykl0x's ghost (journeyman GrEE)
 32515 | D:14     | Reached XP level 15. HP: 62/100 MP: 0/33
 32741 | D:14     | Found a gate to the Vaults.
 32997 | D:14     | Noticed Kirke
 33225 | D:14     | Killed Kirke
 33584 | D:14     | Killed Cykl0x's ghost
 33743 | D:15     | Entered Level 15 of the Dungeon
 34033 | D:15     | Found a staircase to the Depths.
 34248 | D:15     | Received a gift from Sif Muna
 34331 | D:15     | Got Sif Muna's Almanac of Calling {god gift}
 34367 | D:15     | Noticed Agnes
 34372 | D:15     | Killed Agnes
 34373 | D:15     | Reached skill level 5 in Fighting
 35168 | D:15     | Reached skill level 5 in Ice Magic
 36069 | Orc:1    | Entered Level 1 of the Orcish Mines
 36782 | Orc:2    | Entered Level 2 of the Orcish Mines
 36819 | Orc:2    | Found a staircase to the Elven Halls.
 37086 | Orc:2    | Reached skill level 1 in Long Blades
 37418 | Orc:2    | Noticed an orc warlord
 37629 | Orc:2    | Reached skill level 15 in Spellcasting
 37928 | Orc:2    | Killed an orc warlord
 37942 | Orc:2    | Received a gift from Sif Muna
 37989 | Orc:2    | Got Sif Muna's Tome of Attacks and Enchantment {god gift}
 38734 | Orc:2    | Found Ecvah's Antique Armour Boutique.
 38735 | Orc:2    | Found Qemuo's Antique Weapon Boutique.
 38737 | Orc:2    | Found Niomp's General Store.
 38737 | Orc:2    | Found Laethaef's Jewellery Shop.
 38742 | Orc:2    | Bought a scroll of identify for 32 gold pieces
 38756 | Orc:2    | Bought a shiny scale mail for 210 gold pieces
 39868 | Swamp:1  | Entered Level 1 of the Swamp
 39868 | Swamp:1  | Noticed a fenstrider witch
 39876 | Swamp:1  | Killed a fenstrider witch
 40018 | Swamp:1  | Splashed by a goliath frog's acid

Illustrated notes

Levels and vault maps discovered:
D:1:      dpeg_arrival_tiny_a, layout_basic, basic_ecumenical_altar,
          roderic_nine_men_s_morris
D:2:      layout_rooms, serial_rivers, chequers_serial_rivers_small_b,
          chequers_serial_rivers_large_b, chequers_serial_rivers_small_b,
          chequers_serial_rivers_small_3, basic_altar,
          minmay_misc_feat_more_columns
D:3:      layout_loops_ring, serial_shops, nicolae_shop_hallway_stairs,
          nicolae_shop_trees, nicolae_diamond_shop
D:4:      layout_basic, grunt_temple_overflow_bloody_war,
          nicolae_wu_jian_wuxing_cycle, serial_forest,
          infiniplex_forest_lined_room_2, infiniplex_forest_clump_curved,
          infiniplex_forest_lined_room_2, infiniplex_forest_end_2,
          infiniplex_forest_clump_small, infiniplex_forest_clump_small,
          infiniplex_forest_straight_3, infiniplex_forest_end_double,
          grunt_ministairs_12
D:5:      layout_loops_ring, gammafunk_ghost_arena, minmay_misc_feat_room,
          minmay_small_thing
D:6:      layout_loops_cross, minmay_temple_entry_poolview, serial_shops,
          nicolae_stop_n_shop_1, portal_sewer_entry_c, minmay_joined_circles
D:7:      layout_basic, elyvilon_altar_4, gammafunk_ghost_cemetery,
          moated_statue
D:8:      layout_loops_cross, uniq_pikel, uniq_erica, uniq_maurice
D:9:      layout_small_grid, gammafunk_ghost_arena, kennysheep_nondescript,
          serial_bayou_crossing
D:10:     layout_roguey, lemuel_round_altar, nicolae_gozag_seed_capital,
          mainiacjoe_overflow_alcove_1, mainiacjoe_overflow_tiny_flanked,
          tso_metal_star, orc_0_dummy, gammafunk_ghost_necromancy, enter_trove_6
D:11:     layout_loops_corners, dpeg_oklobed_lair, uniq_grum, uniq_harold
D:12:     layout_loops_cross, uniq_snorg, uniq_nessos
D:13:     layout_basic, serial_shops, shop, uniq_azrael
D:14:     layout_cave_pools, erik_vaults_1, hellmonk_ghost_happy_afterlife,
          grunt_ministairs_4, uniq_kirke
D:15:     grunt_enter_depths_snipers, layout_basic, nrook_campfire,
          dk_noncrumbling_4, uniq_agnes
Temple:   cyrus_circular_temple
Lair:1:   layout_regular_city, gauntlet_entry_generic,
          nicolae_quartered_pool_little, kennysheep_abandoned_house,
          grunt_megastairs_5
Lair:2:   cheibrodos_lair_river_kwai, layout_cave_shapes, special_room
          [special_room_bee], lemuel_fruit_tree, lemuel_fruit_fields
Lair:3:   layout_gridlike, nicolae_swamp_entry_splash_gauntlet, basic_altar
Lair:4:   layout_misc_corridors, minmay_snake_entry_guardpost_medium,
          ebering_ghost_disaster_area, chequers_serial_rivers_small_b
Lair:5:   layout_cave_pods, infiniplex_staircase_pool, grunt_megastairs_4
Lair:6:   minmay_lair_end_enchanted_forest, layout_gridlike,
          minmay_slime_entry_pillars, eino_small_chamber_without_monster,
          amcnicky_mini_pool_medium
Swamp:1:  layout_basic_swamp, evilmike_swamp_ruin_house_4,
          infiniplex_staircase_pool_2
Orc:1:    layout_caves, basic_altar
Orc:2:    st_orc_congregation, layout_caves

Skill      XL: |  1  2  3  4  5  6  7  8  9 10 11 12 13 14 15 |
---------------+----------------------------------------------+-----
Spellcasting   | 3 4 5 6 7 9 11 12 13 14 15 | 15.1
Conjurations   | 5 6 7 9 11 12 13 14 15 16 | 16.6
Invocations    | 6 7 9 10 | 10.0
Hexes          | 3 6 8 |  8.5
Armour         | 3 5 6 |  6.0
Dodging        | 3 5 6 |  6.0
Fighting       | 4 6 |  6.3
Ice Magic      | 3 5 |  5.8
Air Magic      | 1 4 |  4.5
Long Blades    | 2 |  2.2
Stealth        | |  1.7

Action                   |  1- 3 |  4- 6 |  7- 9 | 10-12 | 13-15 || total
-------------------------+-------+-------+-------+-------+-------++-------
Melee: Unarmed           |    47 |       |       |       |       ||    47
       Quarterstaff      |     5 |     2 |    13 |       |       ||    20
       Punch             |     1 |       |       |       |    10 ||    11
       Scimitar          |       |       |       |    75 |   523 ||   598
       Scythe            |       |       |       |    64 |   115 ||   179
 Cast: Magic Dart        |   102 |   127 |   127 |   179 |   314 ||   849
       Searing Ray       |       |     2 |    41 |    93 |    34 ||   170
       Iskenderun's Myst |       |       |     4 |   171 |   267 ||   442
       Fulminant Prism   |       |       |       |    23 |    18 ||    41
       Lightning Bolt    |       |       |       |       |   213 ||   213
       Orb of Destructio |       |       |       |       |     2 ||     2
       Freezing Cloud    |       |       |       |       |     1 ||     1
Invok: Channel Magic     |       |       |       |     2 |     3 ||     5
Evoke: Wand              |       |       |       |    34 |     8 ||    42
  Use: Scroll            |       |       |       |    11 |     5 ||    16
       Potion            |       |       |       |     5 |     7 ||    12
 Stab: Paralysed         |       |     2 |       |    17 |    18 ||    37
Armor: Robe              |    20 |     3 |    21 |    70 |       ||   114
       Ring mail         |       |       |       |    66 |   675 ||   741
       Skin              |       |       |       |     1 |       ||     1
       Scale mail        |       |       |       |       |    13 ||    13
Dodge: Dodged            |    44 |    16 |    53 |   194 |   636 ||   943
